 Dungeon Crawl Stone Soup version 0.29-a0-321-gf1c400731a (webtiles) character file.

Game seed: 9669359408328137216

15 Dabor the Chopper (level 2, -5/27 HPs)
             Began as a Hill Orc Monk on Apr 5, 2022.
             Slain by a worm (9 damage)
             ... on level 2 of the Dungeon.
             The game lasted 00:00:37 (537 turns).

Dabor the Chopper (Hill Orc Monk)                    Turns: 537, Time: 00:00:37

Health: -5/27      AC:  3    Str: 13    XL:     2   Next: 50%
Magic:  2/2        EV: 12    Int: 10    God:
Gold:   36         SH:  0    Dex: 13    Spells: 1/1 levels left

rFire   . . .      SeeInvis .   a - +0 hand axe
rCold   . . .      Faith    .   (no shield)
rNeg    . . .      Spirit   .   b - +0 robe
rPois   .          Reflect  .   (no helmet)
rElec   .          Harm     .   g - +0 cloak
rCorr   .          Rampage  .   (no gloves)
Will    .....                   (no boots)
Stlth   +.........              (no amulet)
HPRegen 0.09/turn               (no ring)
MPRegen 0.08/turn               (no ring)

@: confused, ambrosia-drunk
A: no striking features
a: no special abilities


You were on level 2 of the Dungeon.
You visited 1 branch of the dungeon, and saw 2 of its levels.

You collected 36 gold pieces.

Inventory:

Hand Weapons
 a - a +0 hand axe (weapon)
Armour
 b - a +0 robe (worn)
 g - a +0 cloak (worn)
Scrolls
 e - a scroll of noise {unknown}
 f - a scroll of blinking {unknown}
 h - 4 scrolls of teleportation {unknown}
 i - a scroll of fog {unknown}
Potions
 d - 2 potions of heal wounds {unknown}


   Skills:
 + Level 3.9 Fighting
 + Level 4.2 Axes
 + Level 2.6 Dodging
 + Level 1.9 Stealth


You had one spell level left.
You didn't know any spells.
Your spell library was empty.

Dungeon Overview and Level Annotations

Branches:
Dungeon (2/15)

Altars:

Shops:
D:1 [

Annotations:
D:2 Natasha


Message History

You hit the goblin.
You kill the goblin!
Natasha mumbles some strange words.
Natasha glows brightly for a moment.
Things that are here:
a +0 dagger; a kobold corpse Natasha claws you but does no damage.
You hit Natasha but do no damage.
Natasha stares at you and mumbles some strange words.
You resist with significant effort.
You hit Natasha.
Natasha is moderately wounded.
Natasha closely misses you.
You miss Natasha.
Natasha is moderately wounded.
Natasha claws you. Natasha barely misses you.
You hit Natasha.
Natasha is heavily wounded.
Natasha claws you.
You barely miss Natasha.
Natasha is heavily wounded.
You hit the worm. The worm barely misses you. Natasha claws you.
You barely miss Natasha.
Natasha is heavily wounded.
You completely miss the worm.
Natasha growls.
Natasha claws you.
You are too injured to fight recklessly!
You are too injured to fight recklessly!
You are too injured to fight recklessly!
You closely miss Natasha.
Natasha is heavily wounded.
You hit the worm. The worm bites you.
* * * LOW HITPOINT WARNING * * *
Natasha mumbles some strange words.
You are confused.
You feel invigorated. Natasha claws you.
* * * LOW HITPOINT WARNING * * *
The worm bites you!
You die...

... #. ....
.##### ....
.....# . .....
.....##.#
...##.......#
...........
#....5...#
##)@h......
#<)w.!.....
......)).........
.......!.........
..#####......$..#
...........
##.######### ...
...


You could see a worm, Natasha and a shadow imp (summoned).

Vanquished Creatures
  2 ball pythons (D:1)
  A giant cockroach (D:1)
  3 goblins
  A frilled lizard (D:1)
  7 kobolds
  2 rats
16 creatures vanquished.

Notes
Turn   | Place    | Note
-------+----------+-------------------------------------------
     0 | D:1      | Dabor the Hill Orc Monk began the quest for the Orb.
     0 | D:1      | Reached XP level 1. HP: 19/19 MP: 1/1
    62 | D:1      | Found Zofue's Antique Armour Boutique.
   365 | D:1      | Reached XP level 2. HP: 25/27 MP: 2/2
   525 | D:2      | Noticed Natasha
   537 | D:2      | Slain by a worm

Illustrated notes

Levels and vault maps discovered:
D:1:      lemuel_arrival_cross, layout_basic, serial_shops,
          nicolae_shop_overgrown_old_shop, minmay_pentomino_z2
D:2:      layout_basic, shapermc_ecumenical_altar_starsandcircs,
          guppyfry_early_lair_pool, uniq_sigmund, uniq_robin, uniq_natasha

Action                   || total
-------------------------++-------
Melee: Hand axe          ||    38
  Use: Potion            ||     1
Armor: Robe              ||     8
Dodge: Dodged            ||    25

Table legend: (Time is in decaauts)
 A = Elapsed time spent in this place.
 B = Non-inter-level travel time spent in this place.
 C = Inter-level travel time spent in this place.
 D = Time resting spent in this place.
 E = Time spent auto-exploring this place.
 F = Levels seen in this place.
 G = Mean time per level.
                   A        B        C        D        E       F      G
               +--------+--------+--------+--------+--------+-----+--------+
         Total |    540 |    504 |     36 |      0 |    415 |   2 |  270.0 |
       Dungeon |    540 |    504 |     36 |      0 |    415 |   2 |  270.0 |
               +--------+--------+--------+--------+--------+-----+--------+

Top non-repeatable levels by time:
     D:1: 518 daAuts
     D:2: 21 daAuts
